 Dungeon Crawl Stone Soup version 0.17.2-1-ge4368a0 (webtiles) character file.

12497 rlgrobin the Fighter (level 11, 0/90 HPs)
             Began as a Mummy Monk on Apr 18, 2017.
             Slain by an orc warrior
             ... wielding a +0 scimitar
              (23 damage)
             ... on level 1 of the Orcish Mines.
             The game lasted 00:49:59 (34624 turns).

rlgrobin the Fighter (Mummy Monk)                  Turns: 34624, Time: 00:50:00

Health: 0/90       AC:  6    Str: 15    XL:     11   Next: 63%
Magic:  11/11      EV: 20    Int: 10    God:
Gold:   543        SH:  0    Dex: 19    Spells: 0 memorised, 10 levels left

rFire  . . .     SeeInvis .       - Unarmed
rCold  + . .     Clarity  .     (no armour)
rNeg   + + +     SustAt   .     (no shield)
rPois  ∞         Gourm    .     o - +2 helmet
rElec  .         Spirit   .     j - +2 cloak
rCorr  .         Warding  .     (no gloves)
rMut   .         Stasis   .     (no boots)
MR     +....                    (no amulet)
Stlth  +++.......               s - +2 ring of dexterity
                                a - ring of protection from fire

@: somewhat resistant to hostile enchantments, fairly stealthy
A: no food or potions, fire vulnerability, cold resistance 1, negative energy
resistance 3, torment resistance, unbreathing
a: no special abilities


You were on level 1 of the Orcish Mines.
You were not hungry.

You visited 3 branches of the dungeon, and saw 13 of its levels.

You collected 543 gold pieces.


Innate Abilities, Weirdness & Mutations

You do not eat or drink.
Your flesh is vulnerable to fire.
You are immune to poison.
Your flesh is cold resistant.
You are immune to negative energy.
You are immune to unholy pain and torment.
You can survive without breathing.


   Skills:
 - Level 10.0 Fighting
 - Level 9.2 Dodging
 + Level 5.2 Stealth
 - Level 10.0 Unarmed Combat


You had 10 spell levels left.
You didn't know any spells.

Inventory:

Hand Weapons
 d - a +0 club of freezing {Jessica's Mighty Wod}
Armour
 j - a +2 cloak (worn)
 o - a +2 helmet (worn)
 p - a +0 robe {Jessica's Adorable Dress}
Jewellery
 a - a ring of protection from fire (left hand)
 b - an uncursed ring of ice
 e - an uncursed amulet of resist mutation {unknown}
 f - an uncursed ring of protection from magic
 g - an uncursed ring of fire
 i - an uncursed ring of protection from magic
 s - a +2 ring of dexterity (right hand)
Scrolls
 c - 5 scrolls of remove curse
 h - a scroll of magic mapping
 k - 2 scrolls of recharging {unknown}
 l - 6 scrolls of teleportation {@r4}
 m - 3 scrolls of fear
 n - a scroll of blinking
 r - 2 scrolls of vulnerability {unknown}
 t - a scroll of fog {unknown}
Comestibles
 u - 5 fruits (quivered)
 w - 7 royal jellies {Mark of Royalty}

Dungeon Overview and Level Annotations

Branches:
Dungeon (11/15)            Temple (1/1) D:5            Lair (0/8) D:10
    Orc (1/4) D:9

Altars:
Ashenzari
Cheibriados
Dithmenos
Elyvilon
Fedhas
Gozag
Kikubaaqudgha
Makhleb
Nemelex Xobeh
Okawaru
Qazlal
Ru
Sif Muna
Trog
Vehumet
Xom
Yredelemnul
Zin
The Shining One

Annotations:
D:2 Water
D:3 Crazy Yiuf
D:5 Water
D:6 WarWar
D:9 Gr, exclusion: downstairs
D:10 Hill
Temple War, 6 exclusions

▒.▒▒.▒ ▒▒▒▒.... ▒▒.....▒▒▒▒▒▒
▒....▒▒▒▒.▒▒....
▒▒.........▒.▒▒▒▒.....▒▒........
..............▒......▒.▒....... ▒
▒................(...▒▒▒.......
.. .................(...▒▒.....▒.
... ... ▒........▒.▒.▒.........▒▒
....▒o▒▒▒.....o..▒▒▒.▒▒.......▒▒▒
......o▒......ooM.▒............▒▒
▒▒.....▒...o....................▒
▒............................)..
▒...........▒.............▒.....
▒▒▒........▒▒▒........▒▒.▒▒▒....
▒..(....▒▒▒ ▒▒.....▒▒▒▒▒▒ ▒▒...
▒▒.▒▒.▒▒▒ ▒▒....▒ ▒.... ▒▒ ▒.▒
▒▒▒▒▒▒ ▒▒... ▒▒▒ ▒▒.▒


You could see an orc warrior and 3 orcs.


Message History

You take 22 damage, and have 45/90 hp!
MASSIVE DAMAGE!!!!!!
You are too injured to fight recklessly!!!
You are too injured to fight recklessly!!!
You are too injured to fight recklessly!!!
You are too injured to fight recklessly!!!
You squash the orc warrior like an ant!
The orc warrior is heavily wounded!
The orc barely misses you! The orc misses you!
The orc warrior completely misses you!
You barely miss the orc warrior!
The orc warrior is heavily wounded!
The orc hits you with a short sword! * * * don't die
* * * You take 1 damage, and have 44/90 hp!
You barely miss the orc warrior!
The orc warrior is heavily wounded!
The orc hits you with a war axe! * * * don't die
* * * The orc warrior closely misses you!
You take 1 damage, and have 43/90 hp!
You pulverise the orc warrior but do no damage!
The orc warrior is heavily wounded!
The orc hits you with a short sword! * * * don't die
* * * The orc misses you!
The orc warrior hits you with a scimitar!!!!!! * * * don't die
* * * You take 23 damage, and have 20/90 hp!
MASSIVE DAMAGE!!!!!!
The orc warrior hits you with a scimitar!!!!!! rip

Action                   |  1- 3 |  4- 6 |  7- 9 | 10-12 || total
-------------------------+-------+-------+-------+-------++-------
Melee: Unarmed           |   170 |   301 |   692 |   946 ||  2109
  Use: Scroll            |     2 |     3 |     2 |     7 ||    14
 Stab: Sleeping          |     5 |     1 |     4 |     1 ||    11
       Distracted        |     1 |     1 |     1 |     2 ||     5

Vault maps used:
D:1:      minmay_arrival_glassed_features, kennysheep_small_spiral
D:2:      okawaru_altar_gauntlet_db, uniq_terence
D:3:      nicolae_dithmenos_shadow_blocks, overflow_temple_1_default,
          uniq_jessica, uniq_crazy_yiuf_cottage, uniq_robin, uniq_grinder
D:4:      first_bread, grunt_decor_resistance, trog_butcher_becter
D:5:      tso_oasis_becter, minmay_temple_entry_glass, kennysheep_generic_room_8
D:7:      lemuel_round_altar, lemuel_coloured_pillars_altar, uniq_pikel
D:9:      minitemple, david_orc_3, david_nohive_1, minmay_lizard_king,
          uniq_maurice
D:10:     lair_0_dummy, uniq_harold
D:11:     lemuel_ogre_cave
Temple:   temple_of_Zot_orb
Orc:1:    nicolae_orc_accident_1, serial_shops, shop_statue, lemuel_statue_altar

Notes
Turn   | Place    | Note
--------------------------------------------------------------
     0 | D:1      | rlgrobin the Mummy Monk began the quest for the Orb.
     0 | D:1      | Reached XP level 1. HP: 18/18 MP: 1/1
   773 | D:1      | Reached XP level 2. HP: 22/24 MP: 2/2
  1198 | D:1      | Reached skill level 4 in Unarmed Combat
  1339 | D:2      | Noticed Terence
  1416 | D:2      | Reached XP level 3. HP: 24/29 MP: 3/3
  2688 | D:2      | Found an iron altar of Okawaru.
  4401 | D:3      | Reached XP level 4. HP: 28/35 MP: 4/4
  4802 | D:3      | Noticed Grinder
  5000 | D:3      | Found a shadowy altar of Dithmenos.
  5024 | D:4      | Noticed an orc warrior
  5089 | D:5      | Entered Level 5 of the Dungeon
  5089 | D:5      | Found a staircase to the Ecumenical Temple.
  5280 | Temple   | Entered the Ecumenical Temple
  5400 | D:5      | Noticed an ogre
  6132 | D:5      | Reached skill level 5 in Unarmed Combat
  6176 | D:5      | Reached XP level 5. HP: 18/42 MP: 5/5
  6601 | D:5      | Reached skill level 4 in Fighting
  7425 | D:3      | Found a sacrificial altar of Ru.
  7699 | D:2      | Found an iron altar of Okawaru.
  7720 | D:2      | Killed Terence
  7720 | D:2      | Reached XP level 6. HP: 27/50 MP: 6/6
  8156 | D:3      | Reached skill level 5 in Fighting
  8175 | D:3      | Noticed Robin
  8200 | D:2      | Killed Robin
  8275 | D:3      | Noticed a giant frog
  8340 | D:3      | Noticed Jessica
  8345 | D:3      | Killed Jessica
  8535 | D:3      | Killed a giant frog
  8535 | D:3      | Reached skill level 3 in Dodging
  9370 | D:3      | Killed Grinder
  9370 | D:3      | Reached skill level 6 in Fighting
  9370 | D:3      | Reached XP level 7. HP: 38/59 MP: 7/7
  9529 | D:3      | Noticed Crazy Yiuf
 10002 | D:4      | Reached skill level 7 in Fighting
 10144 | D:5      | Found a glowing golden altar of the Shining One.
 10355 | D:5      | Noticed a necrophage
 11359 | D:3      | Reached skill level 6 in Unarmed Combat
 11546 | D:4      | Reached XP level 8. HP: 67/67 MP: 8/8
 11604 | D:4      | Found a bloodstained altar of Trog.
 12247 | D:4      | Reached skill level 4 in Dodging
 12430 | Temple   | Killed an ogre
 12904 | D:5      | Reached skill level 5 in Dodging
 13088 | D:5      | Killed a necrophage
 13878 | D:6      | Reached skill level 7 in Unarmed Combat
 14305 | D:6      | Reached XP level 9. HP: 64/74 MP: 9/9
 14527 | D:6      | Reached skill level 8 in Fighting
 14911 | D:6      | Reached skill level 9 in Fighting
 20566 | D:1      | Noticed a deep troll
 23021 | D:7      | Noticed Pikel
 23317 | D:5      | Reached skill level 8 in Unarmed Combat
 23334 | D:5      | Killed Pikel
 23594 | D:7      | Reached skill level 9 in Unarmed Combat
 23882 | D:7      | Found a shimmering altar of Xom.
 24140 | D:7      | Reached XP level 10. HP: 68/83 MP: 10/10
 24392 | D:6      | Reached skill level 6 in Dodging
 25674 | D:7      | Found a radiant altar of Vehumet.
 26316 | D:8      | Reached skill level 7 in Dodging
 27230 | D:9      | Reached skill level 10 in Fighting
 28872 | D:9      | Found a white marble altar of Elyvilon.
 28872 | D:9      | Found a burning altar of Makhleb.
 28878 | D:9      | Reached skill level 10 in Unarmed Combat
 29287 | D:9      | Found a staircase to the Orcish Mines.
 29641 | D:8      | Reached XP level 11. HP: 50/90 MP: 11/11
 30018 | D:9      | Reached skill level 8 in Dodging
 30432 | D:9      | Noticed Maurice
 30445 | D:9      | Killed Maurice
 30563 | D:9      | Found a blossoming altar of Fedhas.
 30563 | D:9      | Found a sparkling altar of Nemelex Xobeh.
 30564 | D:9      | Found a bloodstained altar of Trog.
 30569 | D:9      | Found a shattered altar of Ashenzari.
 30585 | D:10     | Entered Level 10 of the Dungeon
 31195 | D:10     | Reached skill level 9 in Dodging
 31428 | D:10     | Found a staircase to the Lair.
 31729 | D:10     | Reached skill level 2 in Stealth
 31823 | D:10     | Noticed Harold
 32284 | D:10     | Killed Harold
 32284 | D:10     | Reached skill level 3 in Stealth
 32546 | D:10     | Reached skill level 4 in Stealth
 32847 | D:10     | Noticed a hill giant
 34225 | Orc:1    | Entered Level 1 of the Orcish Mines
 34401 | D:9      | Reached skill level 5 in Stealth
 34624 | Orc:1    | Slain by an orc warrior

Vanquished Creatures
  Harold (D:10)
  Pikel (D:5)
  Maurice (D:9)
  A gargoyle (D:9)
  A queen bee (D:8)
  Grinder (D:3)
  A deep elf mage (D:6)
  5 orc warriors
  A wyvern (D:7)
  10 yaks
  A hippogriff (D:9)
  A wraith (D:10)
  A hungry ghost (D:7)
  A warg (D:9)
  2 ice beasts (D:6)
  A water moccasin (D:6)
  A black bear (D:8)
  2 phantoms
  5 sky beasts
  10 ogres
  3 necrophages
  2 crocodiles
  A centaur (D:5)
  A slave (D:6)
  2 big kobolds
  5 giant frogs
  2 gnoll sergeants
  A wyvern skeleton (D:1)
  6 scorpions
  A water moccasin skeleton (D:9)
  9 wights (D:10)
  28 killer bees
  10 orc priests
  3 centaur zombies
  9 crimson imps
  A giant frog zombie (D:5)
  A jelly (D:10)
  3 quasits
  A giant frog skeleton (D:8)
  A gnoll shaman (D:9)
  3 hounds
  9 iguanas
  Jessica (D:3)
  Terence (D:2)
  17 orc wizards
  A killer bee zombie (D:5)
  10 worker ants
  A hound zombie (D:9)
  A worker ant zombie (D:6)
  Robin (D:2)
  17 gnolls
  9 adders
  3 shadow imps
  2 adder skeletons
  An adder zombie (D:5)
  8 worms
  10 giant geckos
  59 orcs
  10 bats
  4 giant cockroaches
  14 goblins
  15 hobgoblins
  8 quokkas
  4 ball pythons
  A giant gecko zombie (D:5)
  9 giant newts
  13 jackals
  3 jackal skeletons
  12 kobolds
  A quokka skeleton (D:5)
  A quokka zombie (D:5)
  16 rats
403 creatures vanquished.

Vanquished Creatures (others)
  3 slaves
  An orc wizard (D:6)
  An orc (D:6)
  4 plants (D:9)
9 creatures vanquished.

Grand Total: 412 creatures vanquished
